[Event "Chestnut 2nd Category Final 2025"]
[Site "Kyiv"]
[Date "2025.04.06"]
[Round "9.4"]
[White "Ruzhanskyi, Kiril"]
[Black "Chornyi, Viktor"]
[Result "1-0"]
[Annotator "NA"]
[ECO "D00"]
[WhiteElo "1534"]
[BlackElo "1515"]
[PlyCount "97"]
[EventDate "2025.04.03"]
[EventCountry "UKR"]
[SourceTitle "playchess.com"]
[Source "ChessBase"]
[SourceQuality "1"]
[TimeControl "600+5"]

1. d4 d5 2. g3 e6 3. Bg2 c5 4. c3 Nc6 5. Nf3 Qb6 6. dxc5 Bxc5 7. O-O Nf6 8. b4 Bd6 9. Bg5 Ne4 10. Be3 Qc7 11. Qd3 Be5 12. Nxe5 Nxe5 13. Qc2 Nd6 14. Bf4 Nec4 15. Nd2 b5 16. Nxc4 bxc4 17. e4 Bb7 18. exd5 Bxd5 19. Bxd5 exd5 20. Rfe1+ Kd7 21. Qa4+ Qc6 22. Re7+ Kxe7 23. Qxc6 Rhd8 24. Re1+ Kf8 25. Bxd6+ Kg8 26. Qxd5 h6 27. Re7 Rf8 28. Rxa7 Rxa7 29. Bxf8 Rxa2 30. Bxg7 Kxg7 31. Qxc4 Kg8 32. Qd5 Kg7 33. Qc4 Ra1+ 34. Kg2 Kf6 35. b5 Ke7 36. b6 Rb1 37. Qc7+ Ke8 38. b7 Kf8 39. b8=Q+ Rxb8 40. Qxb8+ Kg7 41. c4 h5 42. c5 h4 43. c6 h3+ 44. Kxh3 f5 45. c7 f4 46. c8=Q f3 47. Qg4+ Kh7 48. Qc7+ Kh6 49. Qcg7# 1-0

[Event "Chestnut 2nd Category Final 2025"]
[Site "Kyiv"]
[Date "2025.04.06"]
[Round "9.5"]
[White "Fabrykator, Myroslava"]
[Black "Diachuk, Ihor"]
[Result "0-1"]
[Annotator "NA"]
[ECO "C70"]
[WhiteElo "1457"]
[BlackElo "1550"]
[PlyCount "78"]
[EventDate "2025.04.03"]
[EventCountry "UKR"]
[SourceTitle "playchess.com"]
[Source "ChessBase"]
[SourceQuality "1"]
[TimeControl "600+5"]

1. e4 e5 2. Nf3 Nc6 3. Bb5 a6 4. Ba4 b5 5. Bb3 h6 6. O-O Be7 7. d3 Nf6 8. Nc3 Bb7 9. Be3 O-O 10. a4 b4 11. Ne2 Rb8 12. Ng3 a5 13. Nf5 d6 14. Nxe7+ Qxe7 15. Nh4 Bc8 16. h3 Nxe4 17. Ng6 Qf6 18. Nxf8 Ng5 19. Bxg5 hxg5 20. Qd2 Kxf8 21. Qe3 Ke7 22. Rad1 g4 23. h4 Qxh4 24. d4 Be6 25. Qg3 Qxg3 26. fxg3 Bxb3 27. cxb3 Nxd4 28. Rfe1 Nxb3 29. Rd3 Nc5 30. Rd5 Ke6 31. Rd2 f5 32. Rc2 b3 33. Rc4 Kd5 34. Rc3 Rb4 35. Ra1 Kc6 36. Kf2 Kb6 37. Ke2 Nxa4 38. Rac1 Nxc3+ 39. Rxc3 a4 0-1

[Event "Chestnut 2nd Category Final 2025"]
[Site "Kyiv"]
[Date "2025.04.06"]
[Round "10.1"]
[White "Kravchuk, Sviatoslav"]
[Black "Diachuk, Ihor"]
[Result "0-1"]
[Annotator "NA"]
[ECO "C44"]
[WhiteElo "1441"]
[BlackElo "1550"]
[PlyCount "122"]
[EventDate "2025.04.03"]
[EventCountry "UKR"]
[SourceTitle "playchess.com"]
[Source "ChessBase"]
[SourceQuality "1"]
[TimeControl "600+5"]

1. e4 e5 2. Nf3 Nc6 3. d4 exd4 4. Bc4 d6 5. Nxd4 Ne5 6. Bb3 Nf6 7. Nc3 Be7 8. Bf4 h6 9. Bxe5 dxe5 10. Nde2 Qxd1+ 11. Rxd1 O-O 12. O-O Bd6 13. Ng3 Bd7 14. Nd5 Nxd5 15. Bxd5 Rab8 16. Rfe1 Rfe8 17. Rd3 Be6 18. Bxe6 Rxe6 19. Nf5 Rd8 20. Rg3 Bf8 21. h3 g6 22. Ne3 Rd4 23. Nd5 c6 24. Nc3 Bb4 25. a3 Bxc3 26. Rxc3 Red6 27. Rb3 b6 28. Rc3 c5 29. f3 Kf8 30. Kf1 Ke7 31. Rce3 h5 32. R3e2 Ke6 33. c3 Rd2 34. Rxd2 Rxd2 35. Re2 Rd1+ 36. Re1 Rd3 37. Kf2 c4 38. Re3 Rd6 39. Ke2 b5 40. Ke1 f5 41. Re2 fxe4 42. Rxe4 a6 43. f4 Rd5 44. Rxe5+ Rxe5+ 45. fxe5 Kxe5 46. Ke2 Ke4 47. g3 g5 48. h4 g4 49. Kf2 Kd3 50. Ke1 Ke3 51. Kf1 Kf3 52. Kg1 Kxg3 53. Kh1 Kxh4 54. Kg1 Kg3 55. Kh1 h4 56. Kg1 h3 57. Kh1 h2 58. a4 bxa4 59. b3 cxb3 60. c4 b2 61. c5 b1=R# 0-1

[Event "Chestnut 2nd Category Final 2025"]
[Site "Kyiv"]
[Date "2025.04.06"]
[Round "10.2"]
[White "Udod, Oleksandra"]
[Black "Fabrykator, Myroslava"]
[Result "0-1"]
[Annotator "NA"]
[ECO "A04"]
[WhiteElo "1646"]
[BlackElo "1457"]
[PlyCount "38"]
[EventDate "2025.04.03"]
[EventCountry "UKR"]
[SourceTitle "playchess.com"]
[Source "ChessBase"]
[SourceQuality "1"]
[TimeControl "600+5"]

1. Nf3 c5 2. c4 Nc6 3. b3 Nf6 4. Bb2 g6 5. Nc3 Bg7 6. g3 O-O 7. Bg2 d6 8. e3 Bg4 9. d4 cxd4 10. exd4 e5 11. Qd2 Re8 12. O-O exd4 13. Nxd4 Nxd4 14. Qxd4 Qd7 15. Rfe1 Bh3 16. Bxh3 Qxh3 17. Qxd6 Ng4 18. Qf4 Qxh2+ 19. Kf1 Qh1# 0-1

[Event "Chestnut 2nd Category Final 2025"]
[Site "Kyiv"]
[Date "2025.04.06"]
[Round "10.3"]
[White "Atamanchuk, Dmytro"]
[Black "Kulak, Volodymyr"]
[Result "1/2-1/2"]
[Annotator "NA"]
[ECO "C54"]
[WhiteElo "1493"]
[BlackElo "1607"]
[PlyCount "78"]
[EventDate "2025.04.03"]
[EventCountry "UKR"]
[SourceTitle "playchess.com"]
[Source "ChessBase"]
[SourceQuality "1"]
[TimeControl "600+5"]

1. e4 e5 2. Nf3 Nc6 3. Bc4 Bc5 4. c3 Nf6 5. d3 d6 6. b4 Bb6 7. O-O O-O 8. h3 h6 9. Na3 a6 10. Nc2 Re8 11. Re1 Be6 12. Bb3 Bxb3 13. axb3 d5 14. exd5 Nxd5 15. Bd2 Nf6 16. Be3 Bxe3 17. Nxe3 Nd5 18. Qd2 Qd7 19. d4 exd4 20. Nxd4 Nf6 21. Nf3 Qxd2 22. Nxd2 Rad8 23. Rad1 Rd7 24. Ndc4 Red8 25. f3 Rxd1 26. Rxd1 Rxd1+ 27. Nxd1 Kf8 28. Kf2 Ke7 29. Ke3 Ke6 30. Na5 Nxa5 31. bxa5 Nd5+ 32. Ke2 Nf4+ 33. Kf2 Nd3+ 34. Ke3 Nc5 35. b4 Nd7 36. g4 f5 37. c4 Ne5 38. Kf4 fxg4 39. fxg4 Nxc4 1/2-1/2

[Event "Chestnut 2nd Category Final 2025"]
[Site "Kyiv"]
[Date "2025.04.06"]
[Round "10.4"]
[White "Prykhodko, Artem"]
[Black "Ruzhanskyi, Kiril"]
[Result "0-1"]
[Annotator "NA"]
[ECO "A00"]
[WhiteElo "1678"]
[BlackElo "1534"]
[PlyCount "106"]
[EventDate "2025.04.03"]
[EventCountry "UKR"]
[SourceTitle "playchess.com"]
[Source "ChessBase"]
[SourceQuality "1"]
[TimeControl "600+5"]

1. g4 d5 2. Bg2 Bxg4 3. c4 c6 4. Qb3 dxc4 5. Qxc4 Be6 6. Qb4 Qc7 7. Nc3 Na6 8. Qe4 Nf6 9. Qe3 Nb4 10. Kd1 Ng4 11. Qf3 g6 12. h3 Ne5 13. Qg3 Rc8 14. Be4 Bg7 15. a3 Nd5 16. d4 Nxc3+ 17. bxc3 Bb3+ 18. Ke1 Nc4 19. Qxc7 Rxc7 20. Rb1 Ba4 21. Rb4 b5 22. Bf4 Nd6 23. Bd3 a5 24. Rb1 O-O 25. Nf3 Re8 26. c4 bxc4 27. Bxc4 Rd7 28. Bxd6 Rxd6 29. e3 Bc2 30. Rc1 Be4 31. Be2 e5 32. Rg1 Bxf3 33. Bxf3 exd4 34. Rxc6 Rxc6 35. Bxc6 Rc8 36. Bf3 dxe3 37. fxe3 Rc3 38. a4 Rxe3+ 39. Kf2 Bd4 40. Rg4 Bb6 41. Kf1 Rxf3+ 42. Kg2 Rf2+ 43. Kg3 h5 44. Rc4 Rb2 45. Rc8+ Kg7 46. Rc3 g5 47. h4 Bf2+ 48. Kh3 g4+ 49. Kg2 Be1+ 50. Kg1 Bxc3 51. Kh1 g3 52. Kg1 Bd4+ 53. Kh1 Rh2# 0-1

[Event "Chestnut 2nd Category Final 2025"]
[Site "Kyiv"]
[Date "2025.04.06"]
[Round "10.5"]
[White "Lymar, Makar"]
[Black "Voloshyn, Maksym"]
[Result "1-0"]
[Annotator "NA"]
[ECO "D50"]
[WhiteElo "1565"]
[BlackElo "1621"]
[PlyCount "107"]
[EventDate "2025.04.03"]
[EventCountry "UKR"]
[SourceTitle "playchess.com"]
[Source "ChessBase"]
[SourceQuality "1"]
[TimeControl "600+5"]

1. d4 Nf6 2. c4 d5 3. Nc3 e6 4. Bg5 Bb4 5. a3 Bxc3+ 6. bxc3 h6 7. Bh4 c6 8. Nf3 Qa5 9. Bxf6 Qxc3+ 10. Nd2 gxf6 11. cxd5 exd5 12. e3 Bf5 13. Be2 Nd7 14. O-O Rg8 15. Kh1 Qa5 16. f3 Qc7 17. e4 dxe4 18. fxe4 Be6 19. Rc1 Qb6 20. Nc4 Bxc4 21. Bxc4 O-O-O 22. Bxf7 Rg7 23. Be6 Kb8 24. Bxd7 Rdxd7 25. Rxf6 Rxd4 26. Qf3 Rd8 27. Rxh6 Qb2 28. Rg1 Rdg8 29. Rf6 Qe5 30. h3 Rg3 31. Rf8+ Rxf8 32. Qxf8+ Kc7 33. Qf5 Qc3 34. Kh2 Rg7 35. Qf4+ Kc8 36. Qf8+ Kc7 37. Kh1 Rg3 38. Qe7+ Kb6 39. Rb1+ Ka5 40. Qe6 Re3 41. Kh2 Qxa3 42. Qe5+ c5 43. Ra1 Qxa1 44. Qxa1+ Kb4 45. Qb2+ Rb3 46. Qd2+ Rc3 47. e5 c4 48. e6 Kb3 49. e7 Rc2 50. Qd1 c3 51. e8=Q Kb2 52. Qb5+ Ka3 53. Qxc2 b6 54. Qcb3# 1-0

[Event "Chestnut 2nd Category Final 2025"]
[Site "Kyiv"]
[Date "2025.04.06"]
[Round "11.1"]
[White "Kulak, Volodymyr"]
[Black "Kravchuk, Sviatoslav"]
[Result "1/2-1/2"]
[Annotator "NA"]
[ECO "C54"]
[WhiteElo "1607"]
[BlackElo "1441"]
[PlyCount "28"]
[EventDate "2025.04.03"]
[EventCountry "UKR"]
[SourceTitle "playchess.com"]
[Source "ChessBase"]
[SourceQuality "1"]
[TimeControl "600+5"]

1. e4 e5 2. Nf3 Nc6 3. Bc4 Bc5 4. c3 Nf6 5. d4 exd4 6. O-O dxc3 7. e5 d5 8. exf6 dxc4 9. fxg7 Rg8 10. Nxc3 Qxd1 11. Rxd1 Bg4 12. Re1+ Ne7 13. Nd5 O-O-O 14. Nxe7+ Bxe7 1/2-1/2

[Event "Chestnut 2nd Category Final 2025"]
[Site "Kyiv"]
[Date "2025.04.06"]
[Round "11.2"]
[White "Voloshyn, Maksym"]
[Black "Atamanchuk, Dmytro"]
[Result "1/2-1/2"]
[Annotator "NA"]
[ECO "D45"]
[WhiteElo "1621"]
[BlackElo "1493"]
[PlyCount "67"]
[EventDate "2025.04.03"]
[EventCountry "UKR"]
[SourceTitle "playchess.com"]
[Source "ChessBase"]
[SourceQuality "1"]
[TimeControl "600+5"]

1. d4 d5 2. Nf3 Nf6 3. c4 c6 4. e3 e6 5. Nc3 Nbd7 6. cxd5 cxd5 7. Bd3 Bd6 8. h3 O-O 9. O-O Re8 10. Bd2 Nb6 11. Rc1 Bd7 12. Nb5 Bxb5 13. Bxb5 Re7 14. Qe2 Rc8 15. Rxc8 Qxc8 16. Rc1 Rc7 17. Qe1 a6 18. Bd3 h6 19. Rxc7 Qxc7 20. Qc1 Nc8 21. Qxc7 Bxc7 22. Ne1 Nd6 23. b3 Nde4 24. Bxe4 Nxe4 25. Bb4 f6 26. Nd3 b6 27. Kf1 a5 28. Be1 Kf7 29. Ke2 Ke7 30. Nb2 h5 31. f3 Nd6 32. Na4 Nb5 33. Nc3 Nd6 34. Na4 1/2-1/2

[Event "Chestnut 2nd Category Final 2025"]
[Site "Kyiv"]
[Date "2025.04.06"]
[Round "11.3"]
[White "Ruzhanskyi, Kiril"]
[Black "Lymar, Makar"]
[Result "1/2-1/2"]
[Annotator "NA"]
[ECO "A40"]
[WhiteElo "1534"]
[BlackElo "1565"]
[PlyCount "147"]
[EventDate "2025.04.03"]
[EventCountry "UKR"]
[SourceTitle "playchess.com"]
[Source "ChessBase"]
[SourceQuality "1"]
[TimeControl "600+5"]

1. d4 c6 2. g3 d5 3. c3 Bg4 4. Bg2 Nf6 5. Qb3 Qc8 6. Bg5 h6 7. Bxf6 exf6 8. Nd2 Bd6 9. e4 Be6 10. exd5 Bxd5 11. Bxd5 cxd5 12. Qxd5 Qe6+ 13. Qxe6+ fxe6 14. Nc4 Be7 15. Nf3 O-O 16. O-O Nc6 17. Rfe1 Nd8 18. d5 exd5 19. Rxe7 dxc4 20. Rd1 Rf7 21. Re4 Rc8 22. Rdd4 b5 23. Rd5 Rb8 24. Nd4 a6 25. Rd6 Ra8 26. Nf5 Nb7 27. Rb6 Nc5 28. Re2 Nd3 29. Ne7+ Kh7 30. Nc6 f5 31. f4 Rf6 32. b3 cxb3 33. axb3 Rc8 34. Rd2 Nc5 35. b4 Ne4 36. Ne7 Rxb6 37. Nxc8 Rc6 38. Ne7 Rxc3 39. Ra2 Rc4 40. Nxf5 Rxb4 41. Rxa6 Rb1+ 42. Kg2 b4 43. Ra7 b3 44. Rxg7+ Kh8 45. Rb7 b2 46. Rb8+ Kh7 47. Rb7+ Kg6 48. Nh4+ Kf6 49. Rb6+ Kf7 50. Rb7+ Ke6 51. f5+ Kd6 52. Kh3 Nc5 53. Rb6+ Kc7 54. Rb5 Nd3 55. Nf3 Rd1 56. f6 b1=Q 57. f7 Qxb5 58. f8=Q Qd7+ 59. Kg2 Ne1+ 60. Nxe1 Rxe1 61. Qf4+ Qd6 62. Qf2 Qd5+ 63. Kh3 Qe6+ 64. Kg2 Qe4+ 65. Kh3 Re2 66. Qc5+ Qc6 67. Qa5+ Kd6 68. Qb4+ Qc5 69. Qf4+ Kd5 70. Qf3+ Kd6 71. Qxe2 Qc8+ 72. g4 Qc3+ 73. Kh4 Qf6+ 74. Kg3 1/2-1/2

[Event "Chestnut 2nd Category Final 2025"]
[Site "Kyiv"]
[Date "2025.04.06"]
[Round "11.5"]
[White "Fabrykator, Myroslava"]
[Black "Chornyi, Viktor"]
[Result "1/2-1/2"]
[Annotator "NA"]
[ECO "C00"]
[WhiteElo "1457"]
[BlackElo "1515"]
[PlyCount "22"]
[EventDate "2025.04.03"]
[EventCountry "UKR"]
[SourceTitle "playchess.com"]
[Source "ChessBase"]
[SourceQuality "1"]
[TimeControl "600+5"]

1. e4 e6 2. Qe2 Nc6 3. Nc3 Qe7 4. Nf3 Nf6 5. d3 d5 6. exd5 Nxd5 7. Nxd5 exd5 8. Bf4 Qxe2+ 9. Bxe2 Kd8 10. O-O Be6 11. Rad1 g6 1/2-1/2